 Seeded DCSS version 0.29-a0-369-gd956c00756 (webtiles) character file.

Game seed: 145978790 (custom seed)

0 joe1234567 the Skirmisher (level 1, -1/14 HPs)
             Began as a Gargoyle Monk on May 2, 2022.
             Slain by a kobold
             ... wielding a +0 short sword
              (2 damage)
             ... on level 1 of the Dungeon.
             The game lasted 00:01:02 (98 turns).

joe1234567 the Skirmisher (Gargoyle Monk)             Turns: 98, Time: 00:01:03

Health: -1/14      AC:  4    Str: 14    XL:     1   Next: 10%
Magic:  1/1        EV: 12    Int: 10    God:
Gold:   6          SH:  0    Dex: 12    Spells: 0/0 levels left

rFire   . . .      SeeInvis .   a - +0 spear
rCold   . . .      Faith    .   (no shield)
rNeg    + . .      Spirit   .   b - +0 robe
rPois   ∞          Reflect  .   (no helmet)
rElec   +          Harm     .   (no cloak)
rCorr   .          Rampage  .   (no gloves)
Will    .....                   (no boots)
Stlth   ++........              (no amulet)
HPRegen 0.04/turn               (no ring)
MPRegen 0.07/turn               (no ring)

@: no status effects
A: sickness immunity, AC +2, negative energy resistance 1, electricity
resistance, torment resistance 1, petrification resistance
a: no special abilities


You were on level 1 of the Dungeon.
You visited 1 branch of the dungeon, and saw 1 of its levels.

You collected 6 gold pieces.

Inventory:

Hand Weapons
 a - a +0 spear (weapon)
Armour
 b - a +0 robe (worn)
 d - a +0 robe
Potions
 c - a potion of ambrosia


   Skills:
 + Level 3.3 Fighting
 + Level 2.6 Polearms
 + Level 2.4 Dodging
 + Level 2.1 Stealth


You couldn't memorise any spells.
You didn't know any spells.
Your spell library was empty.

Dungeon Overview and Level Annotations

Branches:
Dungeon (1/15)

Altars:


Innate Abilities, Weirdness & Mutations

You are immune to sickness and miasma.
Your stone body is resilient. (AC +2)
You are immune to poison.
You resist negative energy. (rN+)
You are resistant to electric shocks. (rElec)
You are resistant to unholy torment.
You are immune to petrification.


Message History

The goblin shouts!
A kobold comes into view. It is wielding a +0 short sword.
The kobold shouts!
The dart slug launches a dart at you.
The slug dart hits you but does no damage.
The kobold throws a stone.
The stone closely misses you.
A goblin comes into view. It is wielding a +0 club.
You see here 10 gold pieces.
The goblin shouts!
You hit the dart slug but do no damage. The dart slug launches a dart at you.
The slug dart hits you.
You hit the dart slug.
The dart slug is heavily wounded.
The goblin barely misses you.
The kobold throws a stone.
The stone hits you but does no damage. The dart slug bites you.
You closely miss the goblin.
The kobold throws a stone.
The stone hits you. The goblin closely misses you.
You closely miss the goblin. The goblin closely misses you.
The dart slug launches a dart at you. The slug dart hits you.
You hit the goblin.
The goblin is heavily wounded.
The goblin barely misses you. The dart slug bites you.
You hit the goblin.
The goblin is severely wounded.
The goblin barely misses you. The dart slug bites you.
You closely miss the goblin.
The goblin is severely wounded.
The kobold barely misses you. The goblin barely misses you.
The goblin hits you with a +0 club.
* * * LOW HITPOINT WARNING * * *
You hit the goblin.
The goblin is almost dead.
The goblin hits you with a +0 club.
* * * LOW HITPOINT WARNING * * *
The goblin hits you with a +0 club.
* * * LOW HITPOINT WARNING * * *
The kobold hits you with a +0 short sword.
You die...

## .## ... .###..
#.###### ### #.. ......
##⌠...⌠# #.. ..##.....
##.....# #.# #....#.#
##.>.<.###.# ##.#....#
##.....#.#.# #.......#
##⌠...⌠#.#.###.K#....#
########........@.#
............##.wgg#
.#.....#.#..##....#
.#.#...#.#...........
.#.#...#.....#.#...#.#
.#......##.....#.......
.###..#.##...........#.
.. #..#...............
.. #....#....###.


You could see a dart slug, 2 goblins and a kobold.

Vanquished Creatures
  A rat (D:1)
1 creature vanquished.

Notes
Turn   | Place    | Note
-------+----------+-------------------------------------------
     0 | D:1      | joe1234567 the Gargoyle Monk began the quest for the Orb.
     0 | D:1      | Reached XP level 1. HP: 14/14 MP: 1/1
    98 | D:1      | Slain by a kobold

Illustrated notes

Levels and vault maps discovered:
D:1:      amcnicky_arrival_gap_in_the_tavern_cellar, layout_basic,
          ebering_ecumenical_altar_petrified

Action                   || total
-------------------------++-------
Melee: Spear             ||     9
  Use: Scroll            ||     1
Armor: Robe              ||     2
Dodge: Dodged            ||     8

Table legend: (Time is in decaauts)
 A = Elapsed time spent in this place.
 B = Non-inter-level travel time spent in this place.
 C = Inter-level travel time spent in this place.
 D = Time resting spent in this place.
 E = Time spent auto-exploring this place.
 F = Levels seen in this place.
 G = Mean time per level.
                   A        B        C        D        E       F      G
               +--------+--------+--------+--------+--------+-----+--------+
         Total |     97 |     97 |      0 |      0 |      0 |   1 |   97.0 |
       Dungeon |     97 |     97 |      0 |      0 |      0 |   1 |   97.0 |
               +--------+--------+--------+--------+--------+-----+--------+

Top non-repeatable levels by time:
     D:1: 97 daAuts
